MLB
TEXAS RANGERS @ COLORADO ROCKIES
07/18/2044
 
TOP OF THE 1ST
Texas Rangers batting - Pitching for Colorado Rockies : LHP Cooper Bate
Pitching: LHP Cooper Bate
Batting: RHB David Casas 0-0: Called Strike
0-1: Ball
1-1: Ball
2-1: Fly out, F9 (Flyball, 89S, EV 97.5 MPH)
Batting: RHB Rich Stinson 0-0: Called Strike
0-1: Ground out 5-3 (Groundball, 5, EV 86.2 MPH)
Batting: RHB Casey Semenza 0-0: Ball
1-0: Fly out, F9 (Flyball, 9LS, EV 85.6 MPH)
Top of the 1st over - 0 runs, 0 hits, 0 errors, 0 left on base; Texas 0 - Colorado 0
BOTTOM OF THE 1ST
Colorado Rockies batting - Pitching for Texas Rangers : RHP Kelly Goosecock
Pitching: RHP Kelly Goosecock
Batting: RHB Joel Haycock 0-0: Ball
1-0: Foul Ball, location: 2F
1-1: Swinging Strike
1-2: SOLO HOME RUN (Flyball, 78XD, EV 104.4 MPH), Distance : 442 ft
Batting: RHB Roberto Rodriguez 0-0: Foul Ball, location: 2F
0-1: Foul Ball, location: 2F
0-2: Ball
1-2: SINGLE (Groundball, 6MD, EV 105.0 MPH)
Batting: LHB Fabiano Perrolas 0-0: Ball
1-0: Swinging Strike
1-1: Called Strike
1-2: Strikes out swinging
Batting: SHB Chris Blue 0-0: Ball
Roberto Rodriguez steals 2nd base
1-0: Foul Ball, location: 2F
1-1: Ball
2-1: Swinging Strike
2-2: Ball
3-2: Base on Balls
Batting: LHB Robert Watson 0-0: Ball
1-0: Called Strike
1-1: Swinging Strike
1-2: Strikes out swinging
Batting: RHB Rico Coss 0-0: Ball
1-0: Called Strike
1-1: Foul Ball, location: 2F
1-2: Fielders Choice at 2nd, 6-4 (Groundball, 6, EV 98.8 MPH)
Bottom of the 1st over - 1 run, 2 hits, 0 errors, 2 left on base; Texas 0 - Colorado 1
TOP OF THE 2ND
Texas Rangers batting - Pitching for Colorado Rockies : LHP Cooper Bate
Batting: SHB Vince Ealy 0-0: Ground out 4-3 (Groundball, 4, EV 91.2 MPH)
Batting: RHB Edwin Madrid 0-0: Ball
1-0: SINGLE (Flyball, 8LS, EV 98.8 MPH)
Batting: LHB Cody Schumacher 0-0: Ball
1-0: Called Strike
1-1: Foul Ball, location: 2F
1-2: Fly out, F9 (Flyball, 9, EV 84.4 MPH)
Batting: LHB Johan de Vries 0-0: Ball
1-0: Fly out, F7 (Flyball, 7D, EV 103.8 MPH)
Top of the 2nd over - 0 runs, 1 hit, 0 errors, 1 left on base; Texas 0 - Colorado 1
BOTTOM OF THE 2ND
Colorado Rockies batting - Pitching for Texas Rangers : RHP Kelly Goosecock
Batting: RHB Chad Thompson 0-0: Called Strike
0-1: Called Strike
0-2: Strikes out swinging
Batting: RHB Sterling Acosta 0-0: Foul Ball, location: 2F
0-1: Foul Ball, location: 2F
0-2: Foul Ball, location: 2F
0-2: Ball
1-2: Foul Ball, location: 2F
1-2: Foul Ball, location: 2F
1-2: Strikes out swinging
Batting: RHB Stephen Charbonneau 0-0: Called Strike
0-1: Ball
1-1: Called Strike
1-2: Ball
2-2: Fly out, F8 (Line Drive, 8LD, EV 93.8 MPH)
Bottom of the 2nd over - 0 runs, 0 hits, 0 errors, 0 left on base; Texas 0 - Colorado 1
TOP OF THE 3RD
Texas Rangers batting - Pitching for Colorado Rockies : LHP Cooper Bate
Batting: RHB Zhao-ji Chi 0-0: Called Strike
0-1: Foul Ball, location: 2F
0-2: Foul Ball, location: 2F
0-2: Strikes out swinging
Batting: RHB Alex Sandoval 0-0: Ball
1-0: Foul Ball, location: 2F
1-1: SINGLE (Groundball, 56, EV 105.6 MPH)
Batting: RHB David Casas 0-0: Ball
1-0: Ball
2-0: Ball
3-0: Called Strike
3-1: Called Strike
3-2: Base on Balls
Alex Sandoval to second
Batting: RHB Rich Stinson 0-0: Ball
1-0: Swinging Strike
1-1: Ball
2-1: Swinging Strike
2-2: Foul Ball, location: 2F
2-2: Ball
3-2: Base on Balls
Alex Sandoval to third
David Casas to second
Batting: RHB Casey Semenza 0-0: Fly out, F6 (Line Drive, 6, EV 70.0 MPH)
Batting: SHB Vince Ealy 0-0: GRAND SLAM HOME RUN (Flyball, 7D, EV 95.6 MPH), Distance : 372 ft
Batting: RHB Edwin Madrid 0-0: Ball
1-0: Ball
2-0: Ball
3-0: Base on Balls
Batting: LHB Cody Schumacher 0-0: Called Strike
Edwin Madrid steals 2nd base
0-1: Ball
1-1: Swinging Strike
1-2: Foul Ball, location: 2F
1-2: Ball
2-2: Strikes out swinging
Top of the 3rd over - 4 runs, 2 hits, 0 errors, 1 left on base; Texas 4 - Colorado 1
BOTTOM OF THE 3RD
Colorado Rockies batting - Pitching for Texas Rangers : RHP Kelly Goosecock
Batting: RHB Joel Haycock 0-0: Ball
1-0: Ball
2-0: Swinging Strike
2-1: Called Strike
2-2: Strikes out looking
Batting: RHB Roberto Rodriguez 0-0: Foul Ball, location: 2F
0-1: Ball
1-1: Called Strike
1-2: Strikes out swinging
Batting: LHB Fabiano Perrolas 0-0: Ball
1-0: Ground out U3 (Groundball, 34S, EV 75.0 MPH)
Bottom of the 3rd over - 0 runs, 0 hits, 0 errors, 0 left on base; Texas 4 - Colorado 1
TOP OF THE 4TH
Texas Rangers batting - Pitching for Colorado Rockies : LHP Cooper Bate
Batting: LHB Johan de Vries 0-0: Ball
1-0: Foul Ball, location: 2F
1-1: Ball
2-1: Ball
3-1: SINGLE (Groundball, 4M, EV 103.1 MPH) (infield hit)
Batting: RHB Zhao-ji Chi 0-0: Ball
1-0: Ball
2-0: Foul Ball, location: 2F
2-1: Fly out, F5 (Popup, 15, EV 85.6 MPH)
Batting: RHB Alex Sandoval 0-0: Ball
1-0: Ball
2-0: Foul Ball, location: 2F
2-1: Called Strike
2-2: Ball
3-2: Fly out, F8 (Flyball, 8RS, EV 86.2 MPH)
Batting: RHB David Casas 0-0: Ball
1-0: Swinging Strike
1-1: Called Strike
Johan de Vries is caught stealing 2nd base 2-4
Top of the 4th over - 0 runs, 1 hit, 0 errors, 0 left on base; Texas 4 - Colorado 1
BOTTOM OF THE 4TH
Colorado Rockies batting - Pitching for Texas Rangers : RHP Kelly Goosecock
Batting: SHB Chris Blue 0-0: Ball
1-0: Ball
2-0: Ball
3-0: Called Strike
3-1: Foul Ball, location: 2F
3-2: Foul Ball, location: 2F
3-2: DOUBLE (Line Drive, 9LD, EV 108.8 MPH)
Batting: LHB Robert Watson 0-0: Ball
1-0: Foul Ball, location: 2F
1-1: Foul Ball, location: 2F
1-2: Strikes out looking
Batting: RHB Rico Coss 0-0: Called Strike
0-1: Ball
1-1: 2-RUN HOME RUN (Flyball, 78XD, EV 109.4 MPH), Distance : 416 ft
Batting: RHB Chad Thompson 0-0: Foul Ball, location: 2F
0-1: Ball
1-1: Foul Ball, location: 2F
1-2: Strikes out swinging
Batting: RHB Sterling Acosta 0-0: Called Strike
0-1: Swinging Strike
0-2: DOUBLE (Line Drive, 5D, EV 98.1 MPH)
Batting: RHB Stephen Charbonneau 0-0: SINGLE (Line Drive, 34D, EV 103.8 MPH)
Sterling Acosta to third
Runner from 3rd tries for Home, throw by RF and OUT! 9-2
Bottom of the 4th over - 2 runs, 4 hits, 0 errors, 1 left on base; Texas 4 - Colorado 3
TOP OF THE 5TH
Texas Rangers batting - Pitching for Colorado Rockies : LHP Cooper Bate
Batting: RHB David Casas 0-0: Fly out, F5 (Popup, 56, EV 77.5 MPH)
Batting: RHB Rich Stinson 0-0: Fly out, F9 (Flyball, 9S, EV 91.2 MPH)
Batting: RHB Casey Semenza 0-0: Ball
1-0: Ball
2-0: SINGLE (Line Drive, 8LM, EV 98.8 MPH)
Batting: SHB Vince Ealy 0-0: Ball
1-0: Foul Ball, location: 2F
1-1: Ball
2-1: Called Strike
2-2: Fly out, F8 (Flyball, 89M, EV 90.6 MPH)
Top of the 5th over - 0 runs, 1 hit, 0 errors, 1 left on base; Texas 4 - Colorado 3
BOTTOM OF THE 5TH
Colorado Rockies batting - Pitching for Texas Rangers : RHP Kelly Goosecock
Batting: RHB Joel Haycock 0-0: Ball
1-0: Swinging Strike
1-1: Swinging Strike
1-2: Foul Ball, location: 2F
1-2: Strikes out swinging
Batting: RHB Roberto Rodriguez 0-0: Ball
1-0: Ball
2-0: Foul Ball, location: 2F
2-1: Called Strike
2-2: Ground out 1-3 (Groundball, 13S, EV 65.6 MPH)
Batting: LHB Fabiano Perrolas 0-0: Fly out, F7 (Flyball, 7, EV 96.2 MPH)
Bottom of the 5th over - 0 runs, 0 hits, 0 errors, 0 left on base; Texas 4 - Colorado 3
TOP OF THE 6TH
Texas Rangers batting - Pitching for Colorado Rockies : LHP Cooper Bate
Pitching: RHP Jaden Mackey
Batting: RHB Edwin Madrid 0-0: Called Strike
0-1: Ground out 6-3 (Groundball, 56, EV 103.1 MPH)
Batting: LHB Cody Schumacher 0-0: Ball
1-0: Foul Ball, location: 2F
1-1: Called Strike
1-2: Ground out 4-3 (Groundball, 34D, EV 86.2 MPH)
Batting: LHB Johan de Vries 0-0: Fly out, F9 (Flyball, 89M, EV 96.9 MPH)
Top of the 6th over - 0 runs, 0 hits, 0 errors, 0 left on base; Texas 4 - Colorado 3
BOTTOM OF THE 6TH
Colorado Rockies batting - Pitching for Texas Rangers : RHP Kelly Goosecock
Batting: SHB Chris Blue 0-0: Ball
1-0: DOUBLE (Line Drive, 89XD, EV 96.2 MPH)
Batting: LHB Robert Watson 0-0: Ball
1-0: Ball
2-0: Foul Ball, location: 2F
2-1: DOUBLE (Line Drive, 9LS, EV 101.9 MPH)
Chris Blue scores
Batting: RHB Rico Coss 0-0: Called Strike
0-1: Ball
1-1: Foul Ball, location: 2F
1-2: Strikes out looking
Batting: RHB Chad Thompson 0-0: Ball
1-0: Fly out, F7 (Line Drive, 7, EV 91.9 MPH)
Batting: RHB Sterling Acosta 0-0: Ball
1-0: Called Strike
1-1: SINGLE (Groundball, 25, EV 75.6 MPH) (infield hit)
Robert Watson to third
Pitching: RHP Manny Solis
Batting: RHB Stephen Charbonneau 0-0: Ball
1-0: Swinging Strike
1-1: Foul Ball, location: 2F
1-2: Ball
2-2: Foul Ball, location: 2F
2-2: Ball
3-2: Strikes out looking
Bottom of the 6th over - 1 run, 3 hits, 0 errors, 2 left on base; Texas 4 - Colorado 4
TOP OF THE 7TH
Texas Rangers batting - Pitching for Colorado Rockies : RHP Jaden Mackey
Pitching: RHP Mike Mik
Batting: RHB Zhao-ji Chi 0-0: Ball
1-0: Ball
2-0: Ball
3-0: Called Strike
3-1: Foul Ball, location: 2F
3-2: Strikes out swinging
Batting: RHB Alex Sandoval 0-0: Called Strike
0-1: Ball
1-1: Ball
2-1: Ball
3-1: Foul Ball, location: 2F
3-2: DOUBLE (Line Drive, 7LD, EV 101.2 MPH)
Batting: RHB David Casas 0-0: Foul Ball, location: 2F
0-1: Ball
1-1: Called Strike
1-2: Ball
2-2: Strikes out swinging
Batting: RHB Rich Stinson 0-0: Ball
1-0: Called Strike
1-1: Called Strike
1-2: Ground out 6-3 (Groundball, 6, EV 94.4 MPH)
Top of the 7th over - 0 runs, 1 hit, 0 errors, 1 left on base; Texas 4 - Colorado 4
BOTTOM OF THE 7TH
Colorado Rockies batting - Pitching for Texas Rangers : RHP Manny Solis
Batting: RHB Joel Haycock 0-0: SINGLE (Groundball, 34D, EV 105.6 MPH)
Batting: RHB Roberto Rodriguez 0-0: Fly out, F9 (Flyball, 9LM, EV 84.4 MPH)
Batting: LHB Fabiano Perrolas 0-0: Ball
1-0: Ball
2-0: Ball
3-0: Called Strike
3-1: SINGLE (Groundball, 6MD, EV 95.6 MPH)
Joel Haycock to second
Batting: SHB Chris Blue 0-0: Fly out, F4 (Popup, 4, EV 64.4 MPH)
Batting: LHB Robert Watson 0-0: Ball
1-0: Called Strike
1-1: Called Strike
1-2: Ball
2-2: Ball
3-2: Foul Ball, location: 2F
3-2: 3-RUN HOME RUN (Flyball, 9LD, EV 96.9 MPH), Distance : 355 ft
Pitching: RHP John Bialon
Batting: RHB Rico Coss 0-0: Called Strike
0-1: Swinging Strike
0-2: Ground out U3 (Groundball, 3D, EV 86.9 MPH)
Bottom of the 7th over - 3 runs, 3 hits, 0 errors, 0 left on base; Texas 4 - Colorado 7
TOP OF THE 8TH
Texas Rangers batting - Pitching for Colorado Rockies : RHP Mike Mik
Pitching: RHP Victor Walshe
Batting: RHB Casey Semenza 0-0: Called Strike
0-1: Ball
1-1: Ball
2-1: SINGLE (Line Drive, 56D, EV 93.8 MPH)
Batting: SHB Vince Ealy 0-0: Ball
1-0: Swinging Strike
1-1: Ball
2-1: Ball
3-1: Foul Ball, location: 2F
3-2: Fly out, F6 (Popup, 6M, EV 73.1 MPH)
Pinch Hitting: LHB Da Vo 0-0: Called Strike
0-1: Ball
1-1: Foul Ball, location: 2F
1-2: Strikes out swinging
Batting: LHB Cody Schumacher 0-0: Ball
1-0: Foul Ball, location: 2F
1-1: Ball
2-1: Swinging Strike
2-2: Strikes out swinging
Top of the 8th over - 0 runs, 1 hit, 0 errors, 1 left on base; Texas 4 - Colorado 7
BOTTOM OF THE 8TH
Colorado Rockies batting - Pitching for Texas Rangers : RHP John Bialon
Now at 3B: Bert Clark
Batting: RHB Chad Thompson 0-0: Foul Ball, location: 2F
0-1: Ball
1-1: Foul Ball, location: 2F
1-2: Ball
2-2: Ball
3-2: Strikes out swinging
Batting: RHB Sterling Acosta 0-0: Foul Ball, location: 2F
0-1: Foul Ball, location: 2F
0-2: Ball
1-2: Ball
2-2: Ball
3-2: Foul Ball, location: 2F
3-2: Strikes out looking
Batting: RHB Stephen Charbonneau 0-0: Called Strike
0-1: Ground out 4-3 (Groundball, 4, EV 85.6 MPH)
Bottom of the 8th over - 0 runs, 0 hits, 0 errors, 0 left on base; Texas 4 - Colorado 7
TOP OF THE 9TH
Texas Rangers batting - Pitching for Colorado Rockies : RHP Victor Walshe
Pitching: RHP Oscar Munoz
Batting: LHB Johan de Vries 0-0: Fly out, F7 (Line Drive, 7, EV 88.8 MPH)
Batting: RHB Zhao-ji Chi 0-0: Ball
1-0: Foul Ball, location: 2F
1-1: Fly out, F3 (Popup, 3SF, EV 90.0 MPH)
Batting: RHB Alex Sandoval 0-0: Foul Ball, location: 2F
0-1: Ground out 6-3 (Groundball, 6, EV 87.5 MPH)
Top of the 9th over - 0 runs, 0 hits, 0 errors, 0 left on base; Texas 4 - Colorado 7
Thursday, March 31st , 2022 - OOTP Baseball 22.12 Build 89